 Dungeon Crawl Stone Soup version 0.25.0-46-gbd7b0854d2 (webtiles) character file.

Game seed: 6788086272875162003

2811 Neferata the Cleaver (level 9, 0/74 HPs)
             Began as a Minotaur Gladiator on July 14, 2020.
             Was an Initiate of Ru.
             Hit by a large rock thrown by a cyclops (16 damage)
             ... on level 7 of the Dungeon.
             The game lasted 01:03:28 (9037 turns).

Neferata the Cleaver (Minotaur Gladiator)           Turns: 9037, Time: 01:03:29

Health: 0/74       AC: 10    Str: 22    XL:     9   Next: 44%
Magic:  8/8        EV: 13    Int:  5    God:    Ru [......]
Gold:   408        SH:  0    Dex: 18    Spells: 8/8 levels left

rFire    . . .     SeeInvis +   a - +2 war axe
rCold    . . .     Gourm    .   (no shield)
rNeg     . . .     Faith    .   t - +1 scale mail
rPois    .         Spirit   .   r - +2 hat
rElec    .         Reflect  .   (no cloak)
rCorr    .         Harm     .   (no gloves)
MR       .....                  (no boots)
Stlth    +.........             (no amulet)
HPRegen  0.22/turn              m - +6 ring of dexterity
MPRegen  0.11/turn              x - ring of see invisible

@: no status effects
A: retaliatory headbutt, horns 2
a: Renounce Religion


You were on level 7 of the Dungeon.
You worshipped Ru.
Ru was noncommittal.
You were not hungry.

You visited 2 branches of the dungeon, and saw 8 of its levels.

You collected 408 gold pieces.

Inventory:

Hand Weapons
 a - a +2 war axe (weapon)
 y - a +4 vorpal hunting sling
Missiles
 d - 6 throwing nets (quivered)
Armour
 b - a +1 leather armour
 c - a +0 hat
 g - a +0 ring mail
 r - a +2 hat (worn)
 t - a +1 scale mail (worn)
 G - a +0 centaur barding
Jewellery
 m - a +6 ring of dexterity (left hand)
 o - an uncursed ring of magical power
 p - a +4 ring of evasion {unknown}
 s - an uncursed ring of magical power
 w - a +4 ring of protection {unknown}
 x - a ring of see invisible (right hand)
 I - a +6 ring of strength {unknown}
Wands
 K - a wand of flame (15)
Scrolls
 h - a scroll of enchant armour
 j - 4 scrolls of identify
 u - a scroll of enchant weapon
 z - 2 scrolls of remove curse
 B - a scroll of magic mapping
 C - a scroll of random uselessness {unknown}
Potions
 e - 2 potions of might
 f - 2 potions of magic
 i - a potion of heal wounds {unknown}
 k - 2 potions of flight {unknown}
 l - 2 potions of degeneration
 n - a potion of brilliance {unknown}
 v - a potion of haste
 A - 2 potions of stabbing {unknown}
 D - a potion of resistance {unknown}
 E - 2 potions of curing {unknown}
 F - a potion of mutation {unknown}
 J - a potion of ambrosia {unknown}
Comestibles
 q - 4 rations
 H - a chunk of flesh


   Skills:
 + Level 5.6 Fighting
 * Level 12.7 Axes
 + Level 2.2 Throwing
 + Level 5.7 Armour
 + Level 5.0 Dodging
 + Level 1.2 Stealth


You had 8 spell levels left.
You didn't know any spells.
Your spell library contained the following spells:

 Spells                   Type           Power        Failure   Level  Hunger
 Corona                   Hex            #......      78%         1    ##.....
 Ensorcelled Hibernation  Hex/Ice        #.....       89%         2    ###....
 Confusing Touch          Hex            #.......     98%         3    ####...
 Dazzling Flash           Conj/Hex       #.....       98%         3    ####...
 Tukima's Dance           Hex            #.......     98%         3    ####...


Dungeon Overview and Level Annotations

Branches:
Dungeon (7/15)             Temple (1/1) D:7

Altars:
Cheibriados
Dithmenos
Hepliaklqana
Makhleb
Ru
Sif Muna
The Shining One


Innate Abilities, Weirdness & Mutations

You reflexively headbutt those who attack you in melee.
You have a pair of horns on your head.


Message History

Eat one of 3 chunks of flesh? (ye/n/q)
You eat one of the 3 chunks of flesh.
This raw flesh tastes terrible.
Found an escape hatch in the floor.
There is an escape hatch in the floor here.
There is a stone staircase leading up here.
You now have 401 gold pieces (gained 16).
You now have 408 gold pieces (gained 7).
Eating one of 2 chunks of flesh.
You eat one of the 2 chunks of flesh.
This raw flesh tastes terrible.
A cyclops comes into view.
The cyclops shouts!
The cyclops throws a large rock.
The large rock hits you!!
You see here a large rock.
The cyclops throws a large rock.
The large rock hits you!
You see here a large rock.
The cyclops throws a large rock.
The large rock hits you!
* * * LOW HITPOINT WARNING * * *
You see here a large rock.
The cyclops throws a large rock.
The large rock hits you!
You die...

######## . ........
####### ............
#..... ..##.###....
#.##.. #...........
#.##C# #.##........
#.##.# #.##..##...#
#.##(# #.##..##..##
#.##@#####.##..##..##
##.##.##...<....##..##
#...((......###.##..##
#..##.##.##.# #.##..##
#..##.##.##.# #.##..##
#..#........###.##...<
#........##.#...###.##
#.##.....##.#.### #.##
#.##..#.###.#.# #.##


You could see a cyclops.

Vanquished Creatures
  The ghost of Curus the Basher, a novice MiFi (D:5)
  Edmund (D:6)
  An ice beast (D:6)
  A sky beast (D:7)
  A black bear (D:6)
  4 phantoms
  4 ogres
  3 centaurs
  A big kobold (D:7)
  2 bullfrogs
  A water moccasin zombie (D:5)
  2 scorpions
  A howler monkey (D:5)
  2 crimson imps (D:5)
  A bullfrog zombie (D:5)
  2 hounds
  2 jellies
  2 orc priests
  An iguana (D:7)
  An orc wizard (D:6)
  6 worker ants
  A hound zombie (D:7)
  3 gnolls (D:6)
  7 adders
  3 shadow imps
  An ooze (D:1)
  3 adder skeletons
  A worm (D:2)
  4 dart slugs
  4 leopard geckos
  22 orcs
  8 bats
  6 giant cockroaches
  7 goblins
  4 hobgoblins
  5 jackals
  15 kobolds
  5 quokkas
  3 ball pythons
  4 frilled lizards
  2 jackal skeletons
  A leopard gecko skeleton (D:7)
  5 rats
154 creatures vanquished.

Notes
Turn   | Place    | Note
-------+----------+-------------------------------------------
     0 | D:1      | Neferata the Minotaur Gladiator began the quest for the
                  | Orb.
     0 | D:1      | Reached XP level 1. HP: 18/18 MP: 0/0
   169 | D:1      | Reached XP level 2. HP: 24/25 MP: 1/1
   227 | D:1      | Reached skill level 4 in Axes
   233 | D:1      | Reached XP level 3. HP: 8/30 MP: 2/2
  1994 | D:3      | Reached XP level 4. HP: 37/37 MP: 3/3
  2083 | D:3      | Reached skill level 1 in Armour
  2156 | D:3      | Reached skill level 5 in Axes
  2690 | D:3      | Reached XP level 5. HP: 45/45 MP: 4/4
  2799 | D:3      | Noticed a phantom
  2816 | D:3      | Killed a phantom
  2816 | D:3      | Reached skill level 6 in Axes
  3319 | D:4      | Reached XP level 6. HP: 51/51 MP: 5/5
  3621 | D:4      | Found a shimmering blue altar of Sif Muna.
  3869 | D:4      | Reached skill level 7 in Axes
  4127 | D:5      | Entered Level 5 of the Dungeon
  4510 | D:5      | Reached XP level 7. HP: 57/57 MP: 6/6
  4519 | D:5      | Reached skill level 8 in Axes
  4521 | D:5      | Noticed Curus's ghost (novice MiFi)
  5362 | D:5      | Found a transporter.
  5364 | D:5      | Found a transporter.
  5684 | D:5      | Reached skill level 9 in Axes
  5916 | D:5      | Reached XP level 8. HP: 63/67 MP: 7/7
  6190 | D:6      | Noticed Edmund
  6197 | D:6      | Reached skill level 1 in Stealth
  6199 | D:6      | Killed Edmund
  6199 | D:6      | Reached skill level 10 in Axes
  6581 | D:5      | Killed Curus's ghost
  6581 | D:5      | Reached skill level 5 in Fighting
  6581 | D:5      | Reached skill level 11 in Axes
  6581 | D:5      | Reached skill level 5 in Armour
  6809 | D:6      | Reached XP level 9. HP: 49/74 MP: 8/8
  6956 | D:6      | Reached skill level 12 in Axes
  8562 | D:7      | Reached skill level 5 in Dodging
  8767 | D:7      | Found a staircase to the Ecumenical Temple.
  8797 | Temple   | Entered the Ecumenical Temple
  8828 | Temple   | Became a worshipper of Ru the Awakened
  9032 | D:7      | Noticed a cyclops
  9037 | D:7      | Hit by a large rock thrown by a cyclops

Illustrated notes

Levels and vault maps discovered:
D:1:      dpeg_arrival_fog, layout_rooms
D:2:      layout_loops_ring, patterned_corridor
D:3:      layout_loops_ring, first_ration
D:4:      layout_loops_cross, lemuel_coloured_pillars_altar,
          chequers_serial_rivers_micro_b
D:5:      layout_basic, gammafunk_ghost_mausoleum, nicolae_ru_path_of_blood
D:6:      layout_basic, uniq_edmund
D:7:      layout_loops_ring, minmay_temple_entry_large_hall,
          minmay_misc_feat_more_columns
Temple:   regret_index_temple_sigil_plot

Skill      XL: |  1  2  3  4  5  6  7  8  9 |
---------------+----------------------------+-----
Axes           | 4 5 6 7 9 11 12 | 12.7
Armour         | 1 2 3 4 5 |  5.7
Fighting       | 3 4 5 |  5.6
Dodging        | 4 5 |  5.0
Stealth        | 1 |  1.2
Throwing       | |  2.2

Action                   |  1- 3 |  4- 6 |  7- 9 || total
-------------------------+-------+-------+-------++-------
Melee: War axe           |    60 |    80 |   152 ||   292
       Headbutt          |     2 |    14 |    37 ||    53
  Use: Scroll            |     6 |     3 |     3 ||    12
       Potion            |       |     4 |       ||     4
  Eat: Chunk             |     1 |     6 |     5 ||    12
       Ration            |     1 |       |     3 ||     4
Armor: Leather armour    |    12 |     7 |       ||    19
       Scale mail        |       |    13 |    65 ||    78
Dodge: Dodged            |    85 |    55 |   126 ||   266
